AoeStats
← AiM | Facu1414

Arena

507414153Analyzed
4v4 RM · 13d ago on Sep 18, 2026· 50m 6s· 8 players
Game mode
Random Map
Map size
Large (8 player)
Population
200
Speed
Normal
Resources
Standard
Victory
Conquest
Starting age
Dark Age
Ending age
Imperial Age
RankedLock teamsTeams togetherTeam positionsShared explorationLock speedFull tech treeHidden civsTurbo modeCheats
Victory
Defeat
🇪🇨 Burgundians · Ecuador
1658
+10
🇲🇽 Celts · Mexico
1615
+11
🇻🇳 Khmer · Vietnam
1615
+11
🇲🇽 Cumans · Mexico
1587
+12
🇦🇷 Teutons · Argentina
1603
-14
🇦🇷 Hindustanis · Argentina
1522
-12
🇨🇱 Khmer · Chile
1515
-11
🇨🇱 Italians · Chile
1393
-7
SimmaHem7912
5:21 Loom
8:37 Feudal Age
9:08 Double-Bit Axe
25:07 Horse Collar
27:40 Fletching
29:26 Wheelbarrow
32:05 Castle Age
30:21 Stone Mining
30:24 Gold Mining
33:07 Bow Saw
32:58 Heavy Plow
33:36 Gold Shaft Mining
34:18 Hand Cart
36:03 Bloodlines
38:43 Imperial Age
36:27 Steppe Husbandry
36:35 Scale Barding Armor
36:31 Padded Archer Armor
36:45 Forging
36:33 Light Cavalry
39:50 Conscription
40:05 Chain Barding Armor
40:22 Iron Casting
39:14 Cavalier
40:57 Crop Rotation
40:07 Capped Ram
42:22 Hoardings
41:17 Hussar
45:46 Cuman Mercenaries
46:28 Thumb Ring
46:49 Parthian Tactics
46:21 Bodkin Arrow
47:24 Plate Barding Armor
48:19 Scale Mail Armor
48:20 Padded Archer Armor
49:24 Blast Furnace
48:30 Pikeman
UxCima
10:10 Feudal Age
11:13 Feudal Age
12:02 Feudal Age
16:15 Castle Age
14:09 Double-Bit Axe
14:13 Horse Collar
17:48 Loom
18:27 Bow Saw
20:03 Scale Mail Armor
22:42 Gold Mining
25:58 Wheelbarrow
28:01 Forging
29:55 Hand Cart
35:28 Imperial Age
33:11 Arson
34:36 Stone Mining
34:09 Pikeman
35:05 Chain Mail Armor
35:26 Iron Casting
35:02 Heavy Plow
35:37 Gold Shaft Mining
35:51 Fortified Wall
35:36 Capped Ram
36:07 Halberdier
37:24 Masonry
37:54 Conscription
38:38 Siege Engineers
39:19 Conscription
40:54 Chemistry
41:43 Plate Mail Armor
42:14 Blast Furnace
42:49 Conscription
43:56 Siege Ram
44:03 Onager
45:44 Hoardings
45:50 Stone Shaft Mining
45:46 Siege Ram
48:56 Ballistics
Eärnur
3:47 Double-Bit Axe
6:27 Horse Collar
11:21 Feudal Age
15:31 Castle Age
13:58 Bow Saw
13:49 Heavy Plow
23:29 Wheelbarrow
25:02 Loom
25:34 Hand Cart
28:44 Imperial Age
26:25 Town Watch
26:43 Scale Mail Armor
26:53 Forging
26:13 Pikeman
27:03 Gold Mining
28:01 Crop Rotation
27:23 Stone Mining
27:44 Squires
27:31 Arson
28:04 Burgundian Vineyards
28:13 Treadmill Crane
28:50 Chain Mail Armor
29:14 Stone Shaft Mining
29:16 Gold Shaft Mining
29:33 Iron Casting
30:09 Conscription
29:30 Halberdier
31:41 Two-Man Saw
31:13 Plate Mail Armor
31:49 Scale Barding Armor
32:44 Blast Furnace
31:50 Husbandry
33:08 Chemistry
32:19 Masonry
33:11 Chain Barding Armor
32:30 Elite Coustillier
33:27 Fletching
33:59 Ballistics
34:58 Plate Barding Armor
35:43 Hoardings
36:16 Bodkin Arrow
37:56 Bracer
40:50 Architecture
41:08 Guilds
43:03 Bombard Tower
44:10 Fortified Wall
44:48 Murder Holes
Anh Là Quang
10:48 Feudal Age
11:53 Loom
14:28 Castle Age
13:05 Double-Bit Axe
13:17 Horse Collar
16:20 Bow Saw
20:03 Wheelbarrow
19:43 Gold Mining
21:22 Stone Mining
34:21 Imperial Age
32:17 Heavy Plow
33:19 Town Watch
33:11 Crossbowman
33:22 Pikeman
34:39 Hand Cart
34:15 Fletching
34:42 Padded Archer Armor
34:52 Bodkin Arrow
34:32 Arbalester
36:21 Conscription
36:51 Ballistics
36:33 Bracer
37:46 Gold Shaft Mining
37:40 Leather Archer Armor
39:01 Chemistry
39:01 Ring Archer Armor
39:52 Scale Barding Armor
39:43 Elite Skirmisher
41:13 Halberdier
42:05 Forging
42:30 Scale Mail Armor
45:54 Iron Casting
45:35 Chain Mail Armor
45:54 Crop Rotation
45:26 Town Patrol
46:32 Chain Barding Armor
49:02 Blast Furnace
49:42 Chain Barding Armor
AiM | sAREMS
10:22 Feudal Age
13:36 Castle Age
11:43 Double-Bit Axe
12:09 Horse Collar
13:48 Bloodlines
14:38 Bow Saw
18:22 Scale Barding Armor
19:29 Chain Barding Armor
20:31 Gold Mining
20:47 Heavy Plow
22:35 Forging
24:40 Iron Casting
28:53 Imperial Age
26:39 Loom
27:29 Wheelbarrow
26:47 Gold Mining
28:25 Husbandry
29:26 Stone Mining
30:16 Gold Shaft Mining
31:09 Plate Barding Armor
31:35 Blast Furnace
30:44 Elite Battle Elephant
32:59 Hand Cart
33:21 Stone Shaft Mining
33:21 Crop Rotation
35:03 Tusk Swords
36:35 Conscription
36:53 Town Watch
37:09 Scale Mail Armor
47:24 Fletching
48:14 Chain Mail Armor
48:08 Light Cavalry
48:42 Pikeman
49:08 Arson
49:14 Hussar
AIM | Agua cate 98
6:43 Loom
9:09 Feudal Age
9:14 Man-at-Arms
14:28 Wheelbarrow
14:34 Double-Bit Axe
15:14 Arson
17:00 Forging
17:14 Town Watch
28:58 Castle Age
27:51 Fletching
28:06 Scale Mail Armor
29:18 Horse Collar
29:59 Squires
29:21 Long Swordsman
31:03 Iron Casting
31:17 Chain Mail Armor
33:23 Bow Saw
35:40 Gambesons
38:14 Bodkin Arrow
40:12 Stone Mining
45:49 Hand Cart
AiM | Facu1414
10:58 Feudal Age
14:43 Castle Age
12:36 Double-Bit Axe
12:53 Horse Collar
19:24 Scale Barding Armor
20:13 Bloodlines
23:47 Chain Barding Armor
25:33 Heavy Plow
25:53 Husbandry
26:49 Wheelbarrow
25:59 Loom
26:49 Wheelbarrow
26:00 Town Watch
30:30 Imperial Age
28:26 Hand Cart
28:26 Bow Saw
28:36 Gold Mining
28:40 Stone Mining
29:32 Padded Archer Armor
30:28 Leather Archer Armor
32:35 Chemistry
31:36 Shatagni
31:57 Conscription
32:09 Ring Archer Armor
33:43 Two-Man Saw
32:52 Grand Trunk Road
35:54 Heavy Camel Rider
37:10 Plate Barding Armor
36:45 Forging
37:17 Imperial Camel Rider
42:53 Iron Casting
44:02 Fortified Wall
45:54 Blast Furnace
46:59 Fletching
AiM | Maggick
3:11 Loom
7:56 Loom
8:02 Loom
10:25 Feudal Age
14:49 Castle Age
14:19 Double-Bit Axe
16:41 Bow Saw
18:34 Fletching
27:34 Imperial Age
25:48 Bodkin Arrow
25:56 Stone Mining
29:21 Two-Man Saw
30:01 Gold Mining
30:26 Bracer
31:51 Conscription
32:53 Chemistry
33:24 Ballistics
33:07 Padded Archer Armor
36:15 Horse Collar
39:52 Wheelbarrow
40:34 Elite Genoese Crossbowman
42:00 Leather Archer Armor
43:59 Hand Cart
45:15 Crossbowman
46:44 Thumb Ring
46:00 Arbalester
Connection lost

Rejoining the realm…

Still unreachable

The connection could not be restored.

Session expired

The server has moved on; the page needs a fresh start.